 Dungeon Crawl Stone Soup version 0.18.1-48-g4cf74bf (webtiles) character file.

903 Joat the Twirler (level 7, 0/46 HPs)
             Began as a Demonspawn Wanderer on Aug 5, 2016.
             Slain by an adder (4 damage)
             ... in a sewer.
             The game lasted 00:35:46 (3532 turns).

Joat the Twirler (Demonspawn Wanderer)              Turns: 3532, Time: 00:35:47

Health: 0/46       AC: 10    Str: 16    XL:     7   Next: 80%
Magic:  13/13      EV: 10    Int: 17    God:
Gold:   127        SH:  0    Dex: 12    Spells: 2 memorised, 11 levels left

rFire  . . .     SeeInvis .     K - +2 quarterstaff (chaos)
rCold  . . .     Gourm    .     l - +0 scale mail
rNeg   . . .     Faith    .     (shield currently unavailable)
rPois  .         Spirit   .     x - +0 helmet
rElec  .         Dismiss  .     L - +0 cloak
rCorr  .         Reflect  .     (no gloves)
SustAt .         Harm     .     D - +0 pair of boots
MR     .....                    (no amulet)
Stlth  ++........               y - +1 ring of evasion
                                j - +4 ring of slaying

@: mighty, about to teleport, very slightly contaminated, hasted, very quick,
not resistant to hostile enchantments, unstealthy
A: icy blue scales 1, nightstalker 2
a: no special abilities


You were in a sewer.
You were not hungry.

You visited 1 branch of the dungeon, and saw 4 of its levels.
You also visited: Sewer.

You collected 127 gold pieces.

Inventory:

Hand Weapons
 e - a +0 dagger
 m - a +1 whip of electrocution
 I - a +0 hunting sling
 J - a +2 dagger of venom
 K - a +2 quarterstaff of chaos (weapon)
Missiles
 h - 10 bolts
 o - 14 tomahawks
 r - 60 poisoned needles
 z - 68 stones
 A - 12 javelins (quivered)
 E - 8 sling bullets
Armour
 d - a +0 robe
 l - a +0 scale mail (worn)
 t - a +0 leather armour
 x - a +0 helmet (worn)
 D - a +0 pair of boots (worn)
 L - a +0 cloak (worn)
Jewellery
 j - a +4 ring of slaying (left hand)
 y - a +1 ring of evasion (right hand)
 H - an uncursed ring of wizardry
Wands
 w - a wand of polymorph (24/24)
Scrolls
 c - 3 scrolls of teleportation
 k - 2 scrolls of blinking
 p - 3 scrolls of identify
 v - 2 scrolls of remove curse
 C - a scroll of recharging
Potions
 g - a potion of might
 n - 2 potions of lignification {unknown}
 q - 2 potions of heal wounds {unknown}
 M - a potion of magic {unknown}
Books
 a - a book of Minor Magic

   Spells                             Type                      Level
   a - Magic Dart                     Conjuration                  1
   b - Blink                          Translocation                2
   c - Call Imp                       Summoning                    2
   d - Repel Missiles                 Charms/Air                   2
   e - Slow                           Hexes                        2
   f - Conjure Flame                  Conjuration/Fire             3
   g - Mephitic Cloud                 Conjuration/Poison/Air       3
 b - the Disquisition on the Arsonist

   Spells                             Type                      Level
   a - Flame Tongue                   Conjuration/Fire             1
   b - Ignite Poison                  Fire/Transmutation/Poison    3
Comestibles
 f - 3 bread rations
 u - a beef jerky
 B - a fruit
 F - 3 meat rations
 G - 11 chunks of flesh


   Skills:
 - Level 3.4(4.8) Maces & Flails
 + Level 5.1(5.6) Staves
 - Level 1.0 Stealth
 - Level 4.0 Spellcasting
 - Level 2.2 Conjurations
   Level 2.0 Hexes
   Level 1.0 Charms
 - Level 3.3 Translocations
 - Level 2.2 Fire Magic
 - Level 1.0 Evocations


You had 11 spell levels left.
You knew the following spells:

 Your Spells              Type           Power        Failure   Level  Hunger
a - Flame Tongue          Conj/Fire      ##...        28%         1    None
b - Blink                 Tloc           N/A          28%         2    ##.....


Dungeon Overview and Level Annotations

Branches:
Dungeon (4/15)
 Temple: D:4-7

Altars:
Ru


Innate Abilities, Weirdness & Mutations

You are partially covered in icy blue scales (AC +1).
You are significantly more attuned to the shadows.


Message History

Read which item? (? for menu, Esc to quit)
Blink to where?
Press: ? - help, Dir - move target cursor You escape the ball python's grasp.
As you read the scroll of blinking, it crumbles to dust.
Read which item? (? for menu, Esc to quit)
As you read the scroll of teleportation, it crumbles to dust.
You feel strangely unstable.
You see here a ball python skeleton.
Your surroundings suddenly seem different.
Splash!
You fall into the shallow water.
Moving in this stuff is going to be slow.
Drink which item? (? for menu, Esc to quit)
You feel mightier all of a sudden.
Read which item? (? for menu, Esc to quit)
As you read the scroll of teleportation, it crumbles to dust.
You feel strangely unstable. The adder bites you.
You die...

≈≈≈# #≈≈≈≈≈≈# ..≈#
#≈≈≈≈≈≈# ..≈#
#≈≈≈≈≈≈# ≈≈≈#
#≈≈≈≈≈≈# ≈≈≈#
#≈≈≈≈≈≈# ≈≈≈#
#≈≈≈≈≈≈# ≈≈≈#
#≈≈≈≈S≈# ≈≈≈#
#≈≈≈≈S≈# ≈≈≈#
#####≈≈≈≈≈@# ≈≈≈#
#..##.F≈.≈≈# ...##
#..##.l....#
....####'#..S...##
......##........#
.....÷.FF......##
..............##
##..........###
####....####


You could see a giant frog, 2 adders, a ball python and a giant newt.

Vanquished Creatures
  The ghost of dearth the Chopper, an amateur HOFi (D:4)
  The ghost of Joat the Cudgeler, an amateur DrWn (D:3)
  2 howler monkeys
  3 orc wizards (D:3)
  Crazy Yiuf (D:3)
  6 gnolls (D:3)
  4 river rats (Sewer)
  11 adders
  7 oozes
  4 dart slugs
  3 giant geckos
  18 orcs (D:3)
  A giant cockroach (D:3)
  7 goblins
  6 hobgoblins
  A jackal (shapeshifter) (D:3)
  4 jackals (D:3)
  2 quokkas (D:2)
  9 ball pythons (Sewer)
  4 bats
  8 giant newts
  3 kobolds
  34 rats
140 creatures vanquished.

Notes
Turn   | Place    | Note
--------------------------------------------------------------
     0 | D:1      | Joat the Demonspawn Wanderer began the quest for the Orb.
     0 | D:1      | Joat set off with: a book of Minor Magic, the Disquisition on the Arsonist, a scroll of teleportation, a +0 robe, a +0 dagger, a bread ration
     0 | D:1      | Reached XP level 1. HP: 13/13 MP: 5/5
     0 | D:1      | Identified the Disquisition on the Arsonist
     2 | D:1      | Learned a level 1 spell: Flame Tongue
   236 | D:1      | Reached skill level 1 in Fire Magic
   274 | D:1      | Gained mutation: You are slightly more attuned to the shadows. [demonic ancestry]
   274 | D:1      | Reached XP level 2. HP: 17/19 MP: 7/7
   280 | D:1      | Reached skill level 1 in Conjurations
   626 | D:2      | Reached XP level 3. HP: 21/24 MP: 8/8
   897 | D:2      | Learned a level 2 spell: Blink
  1071 | D:3      | Found a sacrificial altar of Ru.
  1128 | D:3      | Reached XP level 4. HP: 18/30 MP: 10/10
  1204 | D:3      | Found a faded altar to an unknown god.
  1306 | D:3      | Noticed Joat's ghost (amateur DrWn)
  1368 | D:2      | Gained mutation: You are significantly more attuned to the shadows. [demonic ancestry]
  1368 | D:2      | Reached XP level 5. HP: 25/35 MP: 11/11
  1725 | D:2      | Reached skill level 1 in Maces & Flails
  1791 | D:3      | Killed Joat's ghost
  1791 | D:3      | Gained mutation: You are partially covered in icy blue scales (AC +1). [demonic ancestry]
  1791 | D:3      | Reached XP level 6. HP: 29/41 MP: 12/12
  2144 | D:3      | Noticed Crazy Yiuf
  2149 | D:3      | Killed Crazy Yiuf
  2198 | D:3      | Reached skill level 1 in Staves
  2450 | D:3      | Reached skill level 2 in Staves
  2496 | D:3      | Reached XP level 7. HP: 22/46 MP: 13/13
  2683 | D:4      | Noticed dearth's ghost (amateur HOFi)
  2700 | D:4      | Killed dearth's ghost
  2700 | D:4      | Reached skill level 4 in Staves
  2885 | D:4      | Found a glowing drain.
  2889 | Sewer    | Entered a sewer
  3187 | Sewer    | Reached skill level 5 in Staves
  3532 | Sewer    | Slain by an adder

Skill      XL: |  1  2  3  4  5  6  7 |
---------------+----------------------+-----
Fire Magic     | 1 2 |  2.2
Conjurations   | 1 2 |  2.2
Translocations | 3 |  3.3
Maces & Flails | 3 |  3.4
Staves         | 2 5 |  5.1
Stealth        | |  1.0
Spellcasting   | |  4.0
Hexes          | |  2.0
Charms         | |  1.0
Evocations     | |  1.0

Action                   |  1- 3 |  4- 6 |  7- 9 || total
-------------------------+-------+-------+-------++-------
Melee: Whip              |    70 |    84 |       ||   154
       Dagger            |     3 |       |       ||     3
       Quarterstaff      |       |    44 |   129 ||   173
Throw: Javelin           |       |     4 |     4 ||     8
 Cast: Flame Tongue      |     7 |       |       ||     7
       Blink             |       |       |     1 ||     1
  Use: Scroll            |     2 |       |     6 ||     8
       Potion            |       |       |     7 ||     7
 Stab: Sleeping          |    10 |     1 |     5 ||    16
       Distracted        |       |     2 |       ||     2
       Confused          |       |     1 |       ||     1
       Paralysed         |       |       |     3 ||     3
  Eat: Chunk             |     1 |     4 |     4 ||     9
Armor: Robe              |     7 |       |       ||     7
       Leather armour    |     9 |       |       ||     9
       Scale mail        |     1 |    55 |   207 ||   263
Dodge: Dodged            |    42 |    52 |   154 ||   248
